 Dungeon Crawl Stone Soup version 0.28-a0-503-g83f2989fac (webtiles) character file.

Game seed: 18186738881266060975

5318 meatgazer the Agent of Entropy (level 10, -7/82 HPs)
             Began as a Demonspawn Abyssal Knight on Sept 20, 2021.
             Was a Priest of Lugonu.
             Succumbed to a killer bee's poison
             ... on level 9 of the Dungeon.
             The game lasted 00:25:19 (12751 turns).

meatgazer the Agent of Entropy (DsAK)              Turns: 12751, Time: 00:25:20

Health: -7/82      AC:  8    Str: 16    XL:     10   Next: 38%
Magic:  0/19       EV: 14    Int: 18    God:    Lugonu [***...]
Gold:   432        SH:  0    Dex: 14    Spells: 9/9 levels left

rFire   + + .      SeeInvis .   a - +3 spear (vamp)
rCold   + . .      Faith    .   (no shield)
rNeg    . . .      Spirit   +   g - +0 ring mail
rPois   +          Reflect  .   h - +1 helmet
rElec   +          Harm     .   d - +0 cloak
rCorr   +          Rampage  .   (no gloves)
Will    .....                   (no boots)
Stlth   +.........              l - amulet of guardian spirit
HPRegen 0.23/turn               b - +4 ring of evasion
MPRegen 0.16/turn               f - +6 ring of intelligence

@: lethally poisoned (-7 -> -46), about to teleport, resistant
A: claws 2, talons 2, ignite blood 2, powered by pain 2, fire resistance 1,
sense surroundings 1, MP-powered wands
a: Renounce Religion, Depart the Abyss, Bend Space, Banish


You were on level 9 of the Dungeon.
You worshipped Lugonu.
Lugonu was most pleased with you.
You visited 1 branch of the dungeon, and saw 9 of its levels.
You visited the Abyss 1 time.
You also visited: Ossuary.

You collected 432 gold pieces.

Inventory:

Hand Weapons
 a - a +3 vampiric spear (weapon)
Missiles
 i - a throwing net
Armour
 d - a +0 cloak (worn)
 g - a +0 ring mail (worn)
 h - a +1 helmet (worn)
Jewellery
 b - a +4 ring of evasion (left claw)
 c - a ring of willpower
 f - a +6 ring of intelligence (right claw)
 l - an amulet of guardian spirit (around neck)
 m - a ring of protection from cold
 w - a +6 ring of intelligence
 z - a +6 ring of intelligence
Scrolls
 k - a scroll of teleportation
 t - 3 scrolls of amnesia
 u - 4 scrolls of magic mapping
 v - a scroll of identify
Potions
 e - 3 potions of attraction
 j - a potion of magic
 n - 2 potions of haste
 o - a potion of invisibility
 r - a potion of resistance
 s - a potion of brilliance
 x - a potion of might


   Skills:
 + Level 8.9 Fighting
 + Level 7.6 Polearms
 - Level 2.0 Armour
 - Level 0.8 Dodging
 + Level 13.1 Invocations


You had 9 spell levels left.
You didn't know any spells.
Your spell library contained the following spells:

 Spells                   Type           Power      Damage    Failure   Level
 Shock                    Conj/Air       0%         1d3       38%         1
 Slow                     Hex            0%         N/A       52%         2
 Confusing Touch          Hex            0%         N/A       77%         3
 Ignite Poison            Fire/Tmut/Pois 0%         N/A       77%         3
 Mephitic Cloud           Conj/Pois/Air  0%         N/A       77%         3
 Ozocubu's Armour         Ice            0%         N/A       77%         3
 Swiftness                Air            0%         N/A       77%         3
 Vampiric Draining        Necr           0%         2d6       77%         3
 Airstrike                Air            0%         N/A       99%         4
 Freezing Cloud           Conj/Ice/Air   0%         6-21      100%        5
 Metabolic Englaciation   Hex/Ice        0%         N/A       100%        5
 Simulacrum               Ice/Necr       0%         N/A       100%        6


Dungeon Overview and Level Annotations

Branches:
Dungeon (9/15)             Temple (0/1) D:6         Ossuary (visited)
   Lair: D:8-11         Orc: D:9-12

Altars:
Gozag
Nemelex Xobeh
Ru
Sif Muna
Vehumet
Beogh

Annotations:
D:8 3 runed translucent doors, Sargento's ghost, novice MiBe
Abyss:1 Eustachio


Innate Abilities, Weirdness & Mutations

You have very sharp fingernails.
You have razor-sharp toenails.
Your demonic aura often causes spilled blood to erupt in flames.
You sometimes gain power by taking damage.
Your flesh is heat resistant. (rF+)
You passively map a small area around you.
You expend magic power (3 MP) to strengthen your wands.


Message History

You barely miss the killer bee.
You claw the killer bee, but do no damage.
The killer bee is heavily wounded.
You feel very sick. The killer bee stings you. x3
You hit the killer bee. Your kick misses the killer bee.
The killer bee is almost dead.
You feel very sick. The killer bee misses you.
The killer bee stings you but does no damage.
The killer bee misses you. The killer bee stings you. x2
You are more poisoned.
The killer bee poisons you! The killer bee closely misses you.
As you read the scroll of teleportation, it crumbles to dust.
You feel strangely unstable.
You feel very sick. The killer bee stings you.
* * * LOW HITPOINT WARNING * * *
You are lethally poisoned!
The killer bee poisons you! The killer bee stings you.
* * * LOW HITPOINT WARNING * * *
You are more poisoned.
The killer bee poisons you! The killer bee stings you.
* * * LOW HITPOINT WARNING * * *
The killer bee closely misses you. x3
You feel protected.
* * * LOW HITPOINT WARNING * * *
You feel extremely sick. The killer bee stings you!
* * * LOW HITPOINT WARNING * * *
The killer bee barely misses you.
The killer bee stings you but does no damage.
The killer bee stings you.
* * * LOW HITPOINT WARNING * * *
You are more poisoned.
The killer bee poisons you!
The killer bee is engulfed in blazing flames.
The killer bee closely misses you. The killer bee stings you.
* * * LOW HITPOINT WARNING * * *
You die...

y†##.....#.....................
..##.....#.....................
!.##################'##...#####
** , ,..... #...#...#........ +
.....,#...'...#...<.... + ,
,......#...#...#........
#....#+###..#######... * ,
#....yy.....# ...
#....y.@....#,, , ..
,#......(....# , ##.....##+###*
* * , ,*, #.....# +.....#,
,#.....# , , , #.....#,, ,,
*#.....# , , ...... , *


You could see 3 killer bees.

Vanquished Creatures
  8 yaks
  Menkaure (Ossuary)
  2 water moccasins (D:6)
  3 ice beasts (D:6)
  2 sky beasts
  A necrophage (D:7)
  3 ogres
  3 centaurs
  2 bullfrogs
  2 scorpions
  A water moccasin skeleton (D:6)
  11 killer bees
  3 howler monkeys
  3 bullfrog zombies
  2 hounds
  An orc priest (D:5)
  3 jellies
  A bullfrog skeleton (D:6)
  A gnoll shaman (D:5)
  4 orc wizards
  2 iguanas
  3 mummies (Ossuary)
  A howler monkey zombie (D:8)
  4 gnolls
  3 adders
  A worm (D:2)
  2 dart slugs (D:1)
  15 orcs
  8 ball pythons
  2 endoplasms (D:4)
  5 giant cockroaches
  4 gnoll zombies (Ossuary)
  7 goblins
  3 hobgoblins
  9 kobolds
  A quokka (D:3)
  5 bats
  2 frilled lizards
  5 gnoll skeletons (Ossuary)
  3 goblin skeletons (Ossuary)
  2 goblin zombies (Ossuary)
  2 hobgoblin skeletons (Ossuary)
  2 hobgoblin zombies (Ossuary)
  4 kobold skeletons (Ossuary)
  7 kobold zombies (Ossuary)
  5 orc skeletons (Ossuary)
  4 orc zombies (Ossuary)
  7 rats
  6 rat skeletons (Ossuary)
  6 rat zombies (Ossuary)
187 creatures vanquished.

Notes
Turn   | Place    | Note
-------+----------+-------------------------------------------
     0 | Abyss:1  | meatgazer the Demonspawn Abyssal Knight began the quest for
                  | the Orb.
     0 | Abyss:1  | Reached XP level 1. HP: 18/18 MP: 2/2
   109 | Abyss:1  | Noticed a quasit
   109 | Abyss:1  | Noticed a starcursed mass
   109 | Abyss:1  | Noticed a thrashing horror
   110 | D:1      | Escaped the Abyss
   388 | D:1      | Reached * piety under Lugonu
   389 | D:1      | Gained mutation: You sometimes gain a little power by
                  | taking damage. [demonic ancestry]
   389 | D:1      | Reached XP level 2. HP: 23/24 MP: 3/3
   645 | D:1      | Reached skill level 3 in Invocations
   681 | D:1      | Gained mutation: You have sharp toenails. [demonic
                  | ancestry]
   681 | D:1      | Reached XP level 3. HP: 28/29 MP: 5/5
   969 | D:2      | Found a faded altar of an unknown god.
  1032 | D:2      | Reached skill level 4 in Invocations
  1032 | D:2      | Reached XP level 4. HP: 18/37 MP: 5/7
  1089 | D:2      | Found a shimmering blue altar of Sif Muna.
  1091 | D:2      | Reached ** piety under Lugonu
  1445 | D:2      | Gained mutation: You have hidden genetic potential. [potion
                  | of mutation]
  1445 | D:2      | Lost mutation: You have hidden genetic potential. [potion
                  | of mutation]
  1445 | D:2      | Gained mutation: You have razor-sharp toenails. [potion of
                  | mutation]
  2333 | D:4      | Noticed a scorpion
  2348 | D:4      | Killed a scorpion
  2349 | D:4      | Reached skill level 5 in Invocations
  2349 | D:4      | Mutation became permanent: You have sharp toenails.
                  | [demonic ancestry]
  2349 | D:4      | Gained mutation: You have razor-sharp toenails. [demonic
                  | ancestry]
  2349 | D:4      | Reached XP level 5. HP: 11/42 MP: 8/8
  3015 | D:4      | Found a sacrificial altar of Ru.
  3016 | D:4      | Found a radiant altar of Vehumet.
  3020 | D:4      | Found an opulent altar of Gozag.
  3330 | D:4      | Noticed an ogre
  3337 | D:4      | Killed an ogre
  3338 | D:4      | Reached skill level 6 in Invocations
  3338 | D:4      | Gained mutation: You sometimes gain power by taking damage.
                  | [demonic ancestry]
  3338 | D:4      | Reached XP level 6. HP: 25/49 MP: 10/10
  3870 | D:5      | Entered Level 5 of the Dungeon
  4198 | D:5      | Reached skill level 5 in Fighting
  4198 | D:5      | Gained mutation: You have sharp fingernails. [demonic
                  | ancestry]
  4198 | D:5      | Reached XP level 7. HP: 43/56 MP: 12/12
  4296 | D:5      | Reached skill level 7 in Invocations
  4941 | D:5      | Found a sparkling altar of Nemelex Xobeh.
  4999 | D:5      | Reached skill level 8 in Invocations
  5970 | D:6      | Gained mutation: You have very sharp fingernails. [demonic
                  | ancestry]
  5970 | D:6      | Reached XP level 8. HP: 25/64 MP: 7/14
  6103 | D:6      | Found a sand-covered staircase.
  6116 | Ossuary  | Entered an ossuary
  6133 | Ossuary  | Reached *** piety under Lugonu
  6403 | Ossuary  | Reached **** piety under Lugonu
  6456 | Ossuary  | Noticed Menkaure
  6473 | Ossuary  | Reached skill level 9 in Invocations
  6482 | Ossuary  | Killed Menkaure
  6730 | Ossuary  | Gained mutation: You expend magic power (3 MP) to
                  | strengthen your wands. [potion of mutation]
  6730 | Ossuary  | Gained mutation: You passively map a small area around you.
                  | [potion of mutation]
  6730 | Ossuary  | Gained mutation: Your flesh is heat resistant. (rF+)
                  | [potion of mutation]
  6887 | D:6      | Reached skill level 5 in Polearms
  7449 | D:6      | Found Diunit's Armour Shop.
  7471 | D:6      | Noticed Eustachio
  7475 | D:6      | Banished Eustachio
  7747 | D:6      | Gained mutation: Your demonic aura sometimes causes spilled
                  | blood to erupt in flames. [demonic ancestry]
  7747 | D:6      | Reached XP level 9. HP: 36/72 MP: 7/16
  7942 | D:6      | Found a staircase to the Ecumenical Temple.
  8634 | D:7      | Reached skill level 10 in Invocations
  9409 | D:8      | Noticed a troll
  9414 | D:8      | Banished a troll
  9507 | D:8      | Reached skill level 11 in Invocations
 10229 | D:8      | Reached skill level 12 in Invocations
 10493 | D:8      | Noticed Sargento's ghost (novice MiBe)
 10493 | D:8      | Found a runed translucent gate.
 10493 | D:8      | Identified the +5 chain mail of the Valley {rN+ rCorr
                  | Stlth+}
 10495 | D:8      | Found a runed translucent gate.
 10501 | D:8      | Found a runed translucent gate.
 11078 | D:8      | Gained mutation: Your demonic aura often causes spilled
                  | blood to erupt in flames. [demonic ancestry]
 11078 | D:8      | Reached XP level 10. HP: 25/82 MP: 7/19
 11923 | D:9      | Noticed a two-headed ogre
 11936 | D:9      | Banished a two-headed ogre
 12315 | D:9      | Reached skill level 13 in Invocations
 12750 | D:9      | HP: 4/82 [killer bee (4)]
 12750 | D:9      | HP: 1/82 [killer bee (2)]
 12751 | D:9      | Succumbed to a killer bee's poison

Illustrated notes

Levels and vault maps discovered:
D:1:      psy_arrival_radial01, layout_rooms
D:2:      layout_rooms, shapermc_ecumenical_altar_pompeii, minmay_hexomino_r4
D:3:      layout_basic
D:4:      layout_loops_corners, minitemple
D:5:      layout_layer_cave, nemelex_xobeh_ov_fountains_minmay
D:6:      layout_loops_ring, minmay_temple_entry_junction,
          chequers_ossuary_entry_cave, st_stairs_5, nicolae_stop_n_shop_2,
          uniq_eustachio
D:7:      layout_basic, minmay_tree_intersection
D:8:      layout_basic, biasface_ghost_orc_armoury
D:9:      layout_grid_maze, special_room [special_room_bee],
          minmay_statue_bubble, uniq_erolcha

Skill      XL: |  1  2  3  4  5  6  7  8  9 10 |
---------------+-------------------------------+-----
Armour         | 2 |  2.0
Polearms       | 2 3 4 5 7 |  7.6
Invocations    | 3 4 5 6 8 9 12 13 | 13.1
Fighting       | 4 5 7 8 |  8.9
Dodging        | |  0.8

Action                   |  1- 3 |  4- 6 |  7- 9 | 10-12 || total
-------------------------+-------+-------+-------+-------++-------
Melee: Spear             |   113 |   112 |   490 |    67 ||   782
       Kick              |     8 |    24 |   135 |    16 ||   183
Invok: Depart the Abyss  |     1 |       |       |       ||     1
       Banish            |       |       |     5 |     1 ||     6
  Use: Scroll            |     1 |    10 |     7 |     4 ||    22
       Potion            |       |     5 |     1 |     2 ||     8
 Stab: Sleeping          |     1 |       |       |       ||     1
Armor: Leather armour    |    29 |     2 |       |       ||    31
       Ring mail         |       |    26 |   122 |    14 ||   162
Dodge: Dodged            |    51 |    62 |   236 |    71 ||   420

Table legend: (Time is in decaauts)
 A = Elapsed time spent in this place.
 B = Non-inter-level travel time spent in this place.
 C = Inter-level travel time spent in this place.
 D = Time resting spent in this place.
 E = Time spent auto-exploring this place.
 F = Levels seen in this place.
 G = Mean time per level.
                   A        B        C        D        E       F      G
               +--------+--------+--------+--------+--------+-----+--------+
         Total |  12654 |  12427 |    227 |   4689 |   6304 |  11 | 1150.4 |
       Dungeon |  11943 |  11716 |    227 |   4471 |   6050 |   9 | 1327.0 |
         Abyss |    110 |    110 |      0 |      0 |    102 |   1 |  110.0 |
       Ossuary |    601 |    601 |      0 |    218 |    152 |   1 |  601.0 |
               +--------+--------+--------+--------+--------+-----+--------+

Top non-repeatable levels by time:
     D:8: 2492 daAuts
     D:5: 1999 daAuts
     D:6: 1840 daAuts
     D:4: 1625 daAuts
     D:7: 1009 daAuts
     D:9: 848 daAuts
     D:2: 805 daAuts
     D:1: 717 daAuts
     D:3: 605 daAuts
 Ossuary: 601 daAuts
 Abyss:1: 110 daAuts
